 Dungeon Sprint DCSS version 0.30-a0-586-g23e55c9e0a (webtiles) character file.

Game seed: 4219036053722828435

232082 BigDaddyOpFi the End of an Era (level 19, 0/207 HPs)
             Began as a Hill Orc Fighter on Jan 3, 2023.
             Was the Champion of Qazlal.
             Killed from afar by a Brimstone Fiend (48 damage)
             ... with damnation
             ... in the Dungeon (Sprint VII: "The Pits").
             The game lasted 00:26:06 (11620 turns).

BigDaddyOpFi the End of an Era (Hill Orc Fighter)  Turns: 11620, Time: 00:26:06

Health: 0/207      AC: 53    Str: 32    XL:     19   Next: 52%
Magic:  30/36      EV: 19    Int:  6    God:    Qazlal [******]
Gold:   306        SH:  8    Dex: 10    Spells: 18/18 levels left

rFire   + . .      SeeInvis .    R - +7 great mace "Qish" {speed, Stlth+}
rCold   x . .      Faith    +    (shield currently unavailable)
rNeg    + + .      Spirit   .    c - +12 storm dragon scales
rPois   +          Reflect  .    l - +4 hat
rElec   +          Harm     .    r - +4 cloak
rCorr   .          Rampage  .    v - +2 pair of gloves
Will    +....      NoTele   +    I - +2 pair of boots {Fly}
Stlth   +                        d - amulet "Jyhor" {Faith Str+5}
HPRegen 0.54/turn                K - ring of Boczuh {rF+ rN+ Slay+5}
MPRegen 0.25/turn                Q - ring "Xigusm" {rElec rPois rN+ AC+6}

@: flying, slowed, studying Unarmed Combat, repel missiles, very slow
A: deformed body, dopey 1, cold vulnerability 1, subdued magic 2
}: 1/3 runes: silver
a: Renounce Religion, Upheaval, Elemental Force, Disaster Area


You were in the Dungeon.
You worshipped Qazlal.
Qazlal was exalted by your worship.
You visited 1 branch You collected 306 gold pieces.

Inventory:

Hand Weapons
 b - a +0 vampiric war axe
 u - a +3 broad axe of electrocution
 R - the +7 great mace "Qish" (weapon) {speed, Stlth+}
   (You took it off an orc wizard in the Dungeon)

   Attacks with this weapon are significantly faster.
   Stlth:     It makes you more stealthy.
Armour
 c - +12 storm dragon scales (worn)
 l - a +4 hat (worn)
 r - a +4 cloak (worn)
 v - a +2 pair of gloves (worn)
 F - the +3 tower shield of Unismuth {Dex+4}
   (You found it in the Dungeon)

   Dex:       It affects your dexterity (+4).
 I - a +2 pair of boots of flying (worn)
Jewellery
 a - the ring of Riazet {rF+ Int+2 Slay+4}
   (You found it in the Dungeon)

   [ring of slaying]

   Int:       It affects your intelligence (+2).
   Slay:      It affects your accuracy & damage with ranged weapons and melee
   (+4).
   rF:        It protects you from fire.
 d - the amulet "Jyhor" (around neck) {Faith Str+5}
   (You found it in the Dungeon)

   [amulet of faith]

   It allows you to gain divine favour quickly.
   Str:       It affects your strength (+5).
 m - a +6 ring of intelligence
 n - a ring of see invisible
 y - a ring of poison resistance
 D - a ring of protection from cold
 K - the ring of Boczuh (left hand) {rF+ rN+ Slay+5}
   (You found it in the Dungeon)

   [ring of protection from fire]

   Slay:      It affects your accuracy & damage with ranged weapons and melee
   (+5).
   rF:        It protects you from fire.
   rN:        It protects you from negative energy.
 Q - the ring "Xigusm" (right hand) {rElec rPois rN+ AC+6}
   (You found it in the Dungeon)

   [ring of protection]

   AC:        It affects your AC (+6).
   rElec:     It insulates you from electricity.
   rPois:     It protects you from poison.
   rN:        It protects you from negative energy.
 X - a +6 ring of evasion
 Y - a +6 ring of evasion
 Z - an amulet of regeneration
Wands
 H - a wand of polymorph (3)
Scrolls
 j - 2 scrolls of blinking
 s - a scroll of magic mapping
 w - 3 scrolls of identify
 x - 2 scrolls of fear
 A - 2 scrolls of fog
 E - 3 scrolls of amnesia
 W - 5 scrolls of enchant armour
Potions
 e - 9 potions of heal wounds
 f - 19 potions of curing
 h - 8 potions of magic
 i - 9 potions of berserk rage
 k - 2 potions of invisibility
 o - 2 potions of brilliance
 p - 5 potions of might
 q - 6 potions of haste
 z - 2 potions of resistance
 B - 6 potions of mutation
 C - 2 potions of attraction
 G - 2 potions of lignification
Miscellaneous
 S - a tin of tremorstones (2/2)
 T - a phial of floods


   Skills:
 O Level 27 Fighting
 O Level 27 Axes
 + Level 9.8(17.9) Maces & Flails
 O Level 27 Armour
 O Level 27 Dodging
 - Level 5.2 Stealth
 O Level 27 Shields
 O Level 27 Invocations
 O Level 27 Evocations


You had 18 spell levels left.
You didn't know any spells.
Your spell library contained the following spells:

 Spells                   Type           Power      Damage    Failure   Level
 Foxfire                  Conj/Fire      0%         2x1d4     58%         1
 Magic Dart               Conj           0%         1d3       58%         1
 Searing Ray              Conj           0%         2d4       75%         2
 Mephitic Cloud           Conj/Pois/Air  0%         N/A       93%         3
 Summon Guardian Golem    Hex/Summ       0%         N/A       93%         3
 Tukima's Dance           Hex            0%         N/A       93%         3
 Fulminant Prism          Conj/Hex       0%         3d5       100%        4
 Passage of Golubria      Tloc           0%         N/A       100%        4
 Fireball                 Conj/Fire      0%         3d3       100%        5
 Yara's Violent Unravell  Hex/Tmut       0%         3d3       100%        5
 Starburst                Conj/Fire      0%         6d3       100%        6
 Chain Lightning          Conj/Air       0%         N/A       100%        9


Dungeon Overview and Level Annotations

Branches:
Dungeon (1/1)

Altars:
Ashenzari
Cheibriados
Dithmenos
Elyvilon
Fedhas
Gozag
Hepliaklqana
Kikubaaqudgha
Makhleb
Nemelex Xobeh
Okawaru
Qazlal
Ru
Sif Muna
Trog
Uskayaw
Vehumet
Wu Jian
Xom
Yredelemnul
Zin
The Shining One
Beogh
Jiyva
Lugonu


Innate Abilities, Weirdness & Mutations

Armour fits poorly on your strangely shaped body.
You are dopey. (Int -2)
You are vulnerable to cold. (rC-)
Your spells are easier to cast, but less powerful.


Message History

Activating: Disaster Area (0% risk of failure)
Press: ? - help, Dir - look around, f - activate Nature churns violently around you!
The blast of ice hits the Ice Fiend!
The Ice Fiend partially resists.
The Ice Fiend is lightly wounded.
The Ice Fiend is flash-frozen.
The blast of ice hits the Ice Fiend!
The Ice Fiend partially resists.
The Ice Fiend is moderately wounded.
The blast of ice hits the Brimstone Fiend!!!
The Brimstone Fiend is frozen!
The Brimstone Fiend is moderately wounded.
The Brimstone Fiend is flash-frozen.
The blast of ice hits the Ice Fiend!!
The Ice Fiend partially resists.
The Ice Fiend is severely wounded.
The blast of magma engulfs the Ice Fiend!!!
The Ice Fiend is burned terribly!
You kill the Ice Fiend!
Qazlal accepts your kill.
The blast of ice hits the Orb Guardian!!!
You kill the Orb Guardian!
Qazlal accepts your kill.
The cutting wind hits the Orb Guardian!!
You kill the Orb Guardian!
Qazlal accepts your kill.
The blast of rubble hits the Brimstone Fiend!!
The Brimstone Fiend is severely wounded.
Qazlal accepts your kill.
You feel a bit more experienced. You block the Orb Guardian's attack.
The Orb Guardian closely misses you.
Your base Maces & Flails skill gained 4 levels and is now at level 9!
Blink to where?
Press: ? - help, Dir - move target
As you read the scroll of blinking, it crumbles to dust.
The Brimstone Fiend gestures at you.
The sphere of damnation explodes!
The damnation engulfs you!!
* * * LOW HITPOINT WARNING * * *
You feel much better. The Brimstone Fiend gestures at you.
The sphere of damnation explodes!
The damnation engulfs you!!!
You die...

≈≈...#...............#...........
.≈≈≈≈#...............#...........
≈≈≈≈≈#...............#...........
≈≈)≈≈##.............##..#........
.≈≈≈.≈##...........##...#......).
,,#...≈###..)....###....#........
,*##..§≈.###≈≈.###.....###.......
** ##...≈.≈≈≈.○§..○...## ##)..[..
* ##..≈X1..≈≈.@....## ##..)..
################# ####''
##################### #######''
......#....#....)...# ###........
...........#........###..........
......#....#.......)##...........
..#.###.............##...........
..#...).)..#######.###...........
###..##..)[....)(...###..........


You could see a Brimstone Fiend and an Orb Guardian.

Vanquished Creatures
  the Royal Jelly (D)
  Mnoleg (D)
  5 ancient liches (D)
  An orb of fire (D)
  Mennas (D)
  4 royal mummies (D)
  A pandemonium lord (D)
  A Killer Klown (D)
  Frederick (D)
  A curse toe (D)
  3 bone dragons (D)
  2 Tzitzimimeh (D)
  A pearl dragon (D)
  Nikola (D)
  An electric golem (D)
  2 tentacled monstrosities (D)
  A hellephant (D)
  2 Ice Fiends (D)
  21 Orb Guardians (D)
  4 liches (D)
  6 acid blobs (D)
  2 quicksilver dragons (D)
  4 deep elf master archers (D)
  2 titans (D)
  A deep elf blademaster (D)
  Polyphemus (D)
  A death cob (D)
  An Executioner (D)
  2 sphinxes (D)
  Frances (D)
  4 fire giants (D)
  4 daevas (D)
  6 azure jellies (D)
  A draconian knight (D)
  A draconian monk (D)
  3 nagarajas (D)
  2 shadow dragons (D)
  3 frost giants (D)
  8 rockslimes (D)
  4 deep elf sorcerers (D)
  4 balrugs (D)
  3 orc warlords (D)
  4 cacodemons (D)
  2 emperor scorpions (D)
  5 ghost moths (D)
  5 war gargoyles (D)
  2 quicksilver oozes (D)
  A draconian annihilator (D)
  7 ghouls (D)
  An ophan (D)
  A stone giant (D)
  Nessos (D)
  A deep elf annihilator (D)
  2 red draconians (D)
  2 apis (D)
  5 vampire knights (D)
  2 lorocyprocas (D)
  3 green draconians (D)
  A purple draconian (D)
  A yellow draconian (D)
  A white draconian (D)
  2 merfolk javelineers (D)
  2 ettins (D)
  5 blizzard demons (D)
  2 mummy priests (D)
  A yaktaur captain (D)
  2 green deaths (D)
  2 fire dragons (D)
  3 deep elf death magi (D)
  2 deep elf high priests (D)
  4 vault guards (D)
  An ice dragon (D)
  A hell beast (D)
  A hydra (D)
  A catoblepas (D)
  An anaconda (D)
  2 ogre magi (D)
  3 death knights (D)
  An alligator snapping turtle (D)
  2 dancing weapons (D)
  A merfolk aquamancer (D)
  An alligator (D)
  4 death yaks (D)
  5 vampire magi (D)
  A deep troll shaman (D)
  A spriggan berserker (D)
  3 sun demons (D)
  3 deep elf knights (D)
  A fire crab (D)
  A death drake (D)
  A sea snake (D)
  A cherub (D)
  6 skeletal warriors (D)
  A swamp dragon (D)
  A spriggan druid (D)
  5 flayed ghosts (D)
  3 iron trolls (D)
  A deep troll (D)
  A phantasmal warrior (D)
  2 wizards (D)
  A lindwurm (D)
  10 orc knights (D)
  A deep elf zephyrmancer (D)
  9 harpies (D)
  2 ugly things (D)
  An orc sorcerer (D)
  A salamander (D)
  2 naga magi (D)
  5 elephants (D)
  2 eyes of devastation (D)
  2 rust devils (D)
  3 guardian serpents (D)
  An orange demon (D)
  An unseen horror (D)
  2 yaktaurs (D)
  3 rime drakes (D)
  A kobold demonologist (D)
  A guardian mummy (D)
  An ice devil (D)
  A polar bear (D)
  A tyrant leech (D)
  3 red devils (D)
  A hellwing (D)
  11 merfolk (D)
  Prince Ribbit (D)
  A meliai (shapeshifter) (D)
  A tarantella (shapeshifter) (D)
  A tarantella (D)
  A troll (D)
  2 small abominations (D)
  An air elemental (D)
  A jumping spider (D)
  5 slime creatures (D)
  2 flying skulls (D)
  2 ynoxinuls (D)
  3 wraiths (D)
  A water elemental (D)
  8 vampires (D)
  A fire bat (D)
  2 golden eyes (D)
  2 basilisks (D)
  A steam dragon (D)
  A neqoxec (D)
  A redback (D)
  A naga (D)
  2 wargs (D)
  An acid dragon (D)
  4 floating eyes (D)
  A water moccasin (D)
  Pargi (D)
  A black bear (D)
  3 orc warriors (D)
  A wolf (D)
  3 centaurs (D)
  A phantom (D)
  A kobold brigand (D)
  3 necrophages (D)
  3 bullfrogs (D)
  A gnoll sergeant (D)
  An earth elemental (D)
  3 killer bees (D)
  A crimson imp (D)
  2 orc priests (D)
  A gnoll bouda (D)
  2 orc wizards (D)
  A hell rat (D)
  2 gnolls (D)
  2 adders (D)
  A white imp (D)
  2 ufetubi (D)
  2 adder skeletons (D)
  2 adder zombies (D)
  7 adder simulacra (D)
  11 orcs (D)
  2 bat skeletons (D)
  4 bat zombies (D)
  A goblin (D)
  A hobgoblin (D)
  A quokka (D)
  2 ball python simulacra (D)
  3 ball python skeletons (D)
  2 frilled lizards (D)
  A giant cockroach simulacrum (D)
  A giant cockroach zombie (D)
  A jackal skeleton (D)
  5 kobolds (D)
  A rat (D)
443 creatures vanquished.

Vanquished Creatures (collateral kills)
  Ereshkigal (D)
1 creature vanquished.

Vanquished Creatures (others)
  An Orb Guardian (D)
1 creature vanquished.

Grand Total: 445 creatures vanquished

Notes
Turn   | Place    | Note
-------+----------+-------------------------------------------
     0 | D        | BigDaddyOpFi the Hill Orc Fighter began the quest for the
                  | Orb.
     0 | D        | Reached XP level 1. HP: 19/19 MP: 1/1
    12 | D        | Reached XP level 2. HP: 28/28 MP: 2/2
    19 | D        | Found a bloodstained altar of Trog.
    19 | D        | Found a shimmering blue altar of Sif Muna.
    19 | D        | Found a viscous altar of Jiyva.
    19 | D        | Found a hazy altar of Hepliaklqana.
    19 | D        | Found an opulent altar of Gozag.
    20 | D        | Found a glowing golden altar of the Shining One.
    20 | D        | Found a glowing silver altar of Zin.
    20 | D        | Found a basalt altar of Yredelemnul.
    20 | D        | Found a shimmering altar of Xom.
    20 | D        | Found an ornate altar of the Wu Jian Council.
    20 | D        | Found a sacrificial altar of Ru.
    20 | D        | Found a stormy altar of Qazlal.
    20 | D        | Found an iron altar of Okawaru.
    20 | D        | Found a sparkling altar of Nemelex Xobeh.
    20 | D        | Found a burning altar of Makhleb.
    20 | D        | Found a blossoming altar of Fedhas.
    20 | D        | Found a white marble altar of Elyvilon.
    20 | D        | Found a shadowy altar of Dithmenos.
    20 | D        | Found a snail-covered altar of Cheibriados.
    22 | D        | Found a radiant altar of Vehumet.
    22 | D        | Found a corrupted altar of Lugonu.
    22 | D        | Found a roughly hewn altar of Beogh.
    23 | D        | Found a hide-covered altar of Uskayaw.
    23 | D        | Found an ancient bone altar of Kikubaaqudgha.
    23 | D        | Found a broken altar of Ashenzari.
    27 | D        | Became a worshipper of Qazlal Stormbringer
    65 | D        | Reached skill level 1 in Invocations
   116 | D        | Reached * piety under Qazlal
   236 | D        | Reached XP level 3. HP: 35/35 MP: 3/5
   357 | D        | Noticed a flying skull
   360 | D        | Reached ** piety under Qazlal
   367 | D        | HP: 1/35 [flying skull (9)]
   371 | D        | Killed a flying skull
   372 | D        | Reached XP level 4. HP: 11/45 MP: 5/9
   372 | D        | Reached XP level 5. HP: 13/51 MP: 5/10
   601 | D        | Noticed a floating eye
   605 | D        | Paralysed by a floating eye for 4 turns
   612 | D        | Paralysed by a floating eye for 3 turns
   619 | D        | Paralysed by a floating eye for 2 turns
   621 | D        | Reached *** piety under Qazlal
   622 | D        | Reached XP level 6. HP: 46/60 MP: 10/12
   624 | D        | Killed a floating eye
   628 | D        | Noticed a warg
   640 | D        | Killed a warg
   641 | D        | Reached skill level 10 in Invocations
   641 | D        | Reached XP level 7. HP: 26/68 MP: 12/15
   646 | D        | Reached **** piety under Qazlal
   915 | D        | Noticed a red devil
   928 | D        | Killed a red devil
  1177 | D        | Noticed Pargi
  1189 | D        | Reached ***** piety under Qazlal
  1197 | D        | Reached XP level 8. HP: 73/78 MP: 17/17
  1202 | D        | Killed Pargi
  1351 | D        | Noticed a flayed ghost
  1351 | D        | Noticed a ynoxinul
  1353 | D        | Killed a flayed ghost
  1353 | D        | Killed a ynoxinul
  1354 | D        | Reached skill level 10 in Fighting
  1354 | D        | Reached skill level 10 in Axes
  1364 | D        | Reached XP level 9. HP: 57/86 MP: 10/19
  1568 | D        | Noticed a kobold demonologist
  1572 | D        | Killed a kobold demonologist
  1572 | D        | Reached ****** piety under Qazlal
  1573 | D        | Reached skill level 10 in Armour
  1573 | D        | Reached skill level 10 in Shields
  1573 | D        | Reached skill level 15 in Invocations
  1735 | D        | Noticed a red devil
  1735 | D        | Noticed a tarantella
  1737 | D        | Killed a red devil
  1737 | D        | Killed a tarantella
  1890 | D        | Noticed a guardian mummy
  1901 | D        | Killed a guardian mummy
  2146 | D        | Paralysed by a floating eye for 4 turns
  2283 | D        | Noticed a red devil
  2286 | D        | Killed a red devil
  2287 | D        | Reached XP level 10. HP: 81/97 MP: 13/22
  2939 | D        | Noticed a guardian serpent
  2942 | D        | Killed a guardian serpent
  2948 | D        | Noticed an alligator
  2965 | D        | Killed an alligator
  3193 | D        | Noticed Prince Ribbit
  3193 | D        | Noticed an orc sorcerer
  3194 | D        | Noticed a sun demon
  3194 | D        | Noticed a phantasmal warrior
  3197 | D        | Killed an orc sorcerer
  3197 | D        | Killed a phantasmal warrior
  3198 | D        | Reached XP level 11. HP: 107/107 MP: 12/24
  3199 | D        | Noticed a lindwurm
  3203 | D        | Noticed a death knight
  3207 | D        | Killed Prince Ribbit
  3207 | D        | Killed a lindwurm
  3207 | D        | Killed a death knight
  3469 | D        | Noticed a flayed ghost
  3470 | D        | Paralysed by a floating eye for 2 turns
  3474 | D        | Killed a flayed ghost
  3475 | D        | Reached skill level 15 in Axes
  3538 | D        | Killed a ghost moth
  3807 | D        | Noticed a deep elf zephyrmancer
  3820 | D        | Killed a deep elf zephyrmancer
  3839 | D        | Noticed Nessos
  3843 | D        | Killed Nessos
  4285 | D        | Noticed a four-headed hydra
  4291 | D        | Killed a four-headed hydra
  4292 | D        | Reached skill level 15 in Fighting
  4292 | D        | Reached XP level 12. HP: 111/119 MP: 6/26
  4447 | D        | Noticed a nagaraja
  4447 | D        | Noticed an iron troll
  4447 | D        | Noticed a deep elf sorcerer
  4447 | D        | Noticed a red draconian
  4448 | D        | Killed a deep elf sorcerer
  4448 | D        | Killed a red draconian
  4448 | D        | Killed a nagaraja
  4455 | D        | Killed an iron troll
  4821 | D        | Noticed an orc warlord
  4821 | D        | Noticed an orc warlord
  4823 | D        | Killed an orc warlord
  4823 | D        | Killed an orc warlord
  4824 | D        | Reached skill level 15 in Armour
  4824 | D        | Reached skill level 15 in Shields
  4824 | D        | Noticed an emperor scorpion
  4825 | D        | Reached XP level 13. HP: 114/130 MP: 11/29
  4825 | D        | Noticed a vault guard
  4832 | D        | Killed a vault guard
  4833 | D        | Noticed a merfolk javelineer
  4833 | D        | Noticed a vault guard
  4834 | D        | Noticed a vault guard
  4836 | D        | Killed a merfolk javelineer
  4836 | D        | Killed an emperor scorpion
  4836 | D        | Killed a sphinx
  4836 | D        | Killed a vault guard
  4836 | D        | Killed a vault guard
  4836 | D        | Noticed a fire giant
  4839 | D        | Noticed a vault guard
  4849 | D        | Killed a fire giant
  4859 | D        | Killed a vault guard
  5154 | D        | Noticed a yaktaur captain
  5167 | D        | Killed a yaktaur captain
  5415 | D        | Noticed Polyphemus
  5415 | D        | Noticed a deep elf death mage
  5416 | D        | Noticed a fire giant
  5417 | D        | Killed a deep elf death mage
  5417 | D        | Killed a fire giant
  5421 | D        | Killed Polyphemus
  5422 | D        | Reached skill level 27 in Invocations
  5422 | D        | Reached XP level 14. HP: 144/144 MP: 15/31
  5422 | D        | Identified the ring "Qunimuig" {rF++ Int+6}
  5442 | D        | Got the +2 trident of the Bouncing Wonders {pain, rPois
                  | rCorr MP+9}
  5832 | D        | Noticed a green draconian
  5833 | D        | Noticed an ancient lich
  5840 | D        | Killed a green draconian
  5840 | D        | Killed an ancient lich
  5902 | D        | Noticed a red draconian
  5905 | D        | Noticed a nagaraja
  5906 | D        | Killed a nagaraja
  5906 | D        | Killed a green draconian
  5906 | D        | Killed a red draconian
  5906 | D        | Killed a deep elf sorcerer
  5931 | D        | Noticed a deep elf sorcerer
  5934 | D        | Noticed a bone dragon
  5938 | D        | Noticed a deep elf annihilator
  5939 | D        | Killed a deep elf sorcerer
  5939 | D        | Killed a deep elf annihilator
  5952 | D        | Killed a bone dragon
  6079 | D        | Noticed Frances
  6088 | D        | Killed Frances
  6110 | D        | Noticed a yellow draconian annihilator
  6126 | D        | Killed a yellow draconian annihilator
  6202 | D        | Noticed a lich
  6205 | D        | Noticed a deep elf sorcerer
  6210 | D        | Killed a deep elf sorcerer
  6216 | D        | Killed a lich
  6347 | D        | Got the ring of Teocreur {rElec rF++ Will+ Stlth-}
  6347 | D        | Got the ring "Assyul" {EV+6 Str+2 Dex+2 Slay+2}
  6347 | D        | Got the ring of Boczuh {rF+ rN+ Slay+5}
  6352 | D        | Got the ring "Kaugos" {rCorr Str+6 Int+6 Dex+4}
  6352 | D        | Got the ring "Zell" {rPois rF+ Will+ Stlth+}
  6354 | D        | Got the ring "Efumnag" {Str+6 Int+3}
  6354 | D        | Got the ring "Esal" {Fire Will+ Int+4}
  6354 | D        | Got the ring of Coronation {rPois rCorr Stlth+}
  6356 | D        | Got the ring "Xigusm" {rElec rPois rN+ AC+6}
  6509 | D        | Noticed a nagaraja
  6511 | D        | Killed a nagaraja
  6512 | D        | Reached XP level 15. HP: 160/160 MP: 7/32
  6514 | D        | Killed a ghost moth
  6750 | D        | Noticed a death cob
  6755 | D        | Noticed an orc warlord
  6757 | D        | Killed an orc warlord
  6757 | D        | Killed a death cob
  6757 | D        | Noticed a deep elf blademaster
  6761 | D        | Noticed an emperor scorpion
  6771 | D        | Killed a deep elf blademaster
  6783 | D        | Killed an emperor scorpion
  6794 | D        | Noticed an acid blob
  6799 | D        | Noticed an azure jelly
  6805 | D        | Killed an azure jelly
  6813 | D        | Killed an acid blob
  6813 | D        | Identified the +7 great mace "Qish" {speed, Stlth+} (You
                  | took it off an orc wizard in the Dungeon)
  6822 | D        | Noticed a frost giant
  6837 | D        | Killed a frost giant
  6885 | D        | Noticed a bone dragon
  6886 | D        | Noticed a frost giant
  6909 | D        | Killed a bone dragon
  6912 | D        | Killed a frost giant
  6915 | D        | Killed a ghost moth
  7176 | D        | Noticed a green draconian monk
  7176 | D        | Found the +8 demon blade "Leech" {vamp, Harm Drain rN+}
  7178 | D        | Noticed a shadow dragon
  7190 | D        | Reached XP level 16. HP: 147/177 MP: 33/33
  7196 | D        | Killed a shadow dragon
  7198 | D        | Killed a green draconian monk
  7446 | D        | Gained mutation: Your spells are a little easier to cast,
                  | but a little less powerful. [a cacodemon]
  7463 | D        | Gained mutation: You are vulnerable to cold. (rC-) [a
                  | cacodemon]
  7465 | D        | Gained mutation: You are dopey. (Int -2) [a cacodemon]
  8020 | D        | Noticed a lich
  8020 | D        | Noticed a lich
  8020 | D        | Noticed a bone dragon
  8020 | D        | Noticed a lich
  8021 | D        | Killed a lich
  8021 | D        | Killed a lich
  8021 | D        | Killed a lich
  8022 | D        | Reached skill level 27 in Axes
  8024 | D        | Killed a bone dragon
  8025 | D        | Reached skill level 27 in Fighting
  8367 | D        | Got the Spellbook of Command and the Wind
  8369 | D        | Got the +10 plate armour "Faschedonk" {Dex+4 SInv}
  8422 | D        | Got a silver rune of Zot
  8519 | D        | Noticed Mnoleg
  8524 | D        | Noticed a tentacled monstrosity
  8527 | D        | Killed Mnoleg
  8528 | D        | Reached skill level 27 in Armour
  8528 | D        | Reached skill level 27 in Shields
  8541 | D        | Reached XP level 17. HP: 176/191 MP: 20/34
  8544 | D        | Reached skill level 5 in Evocations
  8562 | D        | Reached skill level 5 in Dodging
  8578 | D        | Identified the -1 tower shield "Fuzoe" {-Cast rF+ rCorr
                  | Stlth+}
  8612 | D        | Noticed a tentacled monstrosity
  8630 | D        | Killed a tentacled monstrosity
  8642 | D        | Noticed an ancient lich
  8643 | D        | Noticed a quicksilver dragon
  8653 | D        | Killed an ancient lich
  8654 | D        | Reached skill level 10 in Evocations
  8656 | D        | Killed a quicksilver dragon
  8887 | D        | Noticed a deep elf master archer
  8889 | D        | Killed a deep elf master archer
  8890 | D        | Noticed a Killer Klown
  8893 | D        | Killed a Killer Klown
  8990 | D        | Got the +3 tower shield of Unismuth {Dex+4}
  9024 | D        | Got the ring of Riazet {rF+ Int+2 Slay+4}
  9030 | D        | Got the amulet "Jyhor" {Faith Str+5}
  9051 | D        | Noticed a deep elf master archer
  9059 | D        | Killed a deep elf master archer
  9077 | D        | Reached skill level 15 in Evocations
  9091 | D        | Noticed a sphinx
  9102 | D        | Killed a sphinx
  9147 | D        | Noticed a hellephant
  9148 | D        | Noticed a quicksilver dragon
  9165 | D        | Killed a quicksilver dragon
  9183 | D        | Reached skill level 15 in Dodging
  9200 | D        | Killed a hellephant
  9641 | D        | Noticed an Orb Guardian
  9641 | D        | Noticed an Orb Guardian
  9641 | D        | Noticed an Orb Guardian
  9641 | D        | Noticed an Orb Guardian
  9641 | D        | Noticed a tentacled monstrosity
  9641 | D        | Noticed an ancient lich
  9642 | D        | Killed an Orb Guardian
  9642 | D        | Killed an Orb Guardian
  9642 | D        | Killed an Orb Guardian
  9642 | D        | Killed an ancient lich
  9643 | D        | Reached XP level 18. HP: 200/200 MP: 26/35
  9644 | D        | Noticed a royal mummy
  9645 | D        | Noticed an Orb Guardian
  9646 | D        | Killed a royal mummy
  9646 | D        | Noticed an ancient lich
  9647 | D        | Noticed an orb of fire
  9648 | D        | Killed a tentacled monstrosity
  9648 | D        | Noticed a royal mummy
  9649 | D        | Noticed an Orb Guardian
  9649 | D        | Noticed an Orb Guardian
  9649 | D        | Gained mutation: You have hidden genetic defects. [an orb
                  | of fire]
  9650 | D        | Killed an Orb Guardian
  9659 | D        | Killed an Orb Guardian
  9660 | D        | Killed an Orb Guardian
  9660 | D        | Killed an Orb Guardian
  9660 | D        | Killed a royal mummy
  9661 | D        | Killed an ancient lich
  9661 | D        | Killed an orb of fire
  9662 | D        | Noticed Nikola
  9669 | D        | Killed Nikola
  9687 | D        | Gained mutation: Armour fits poorly on your strangely
                  | shaped body. [hidden defects]
  9970 | D        | Noticed an Orb Guardian
  9972 | D        | Noticed a titan
  9972 | D        | Noticed a pearl dragon
  9973 | D        | Noticed an Orb Guardian
  9973 | D        | Noticed the Royal Jelly
  9973 | D        | Noticed a deep elf master archer
  9973 | D        | Noticed a deep elf master archer
  9973 | D        | Noticed a Tzitzimitl
  9975 | D        | Killed an Orb Guardian
  9975 | D        | Killed a deep elf master archer
  9975 | D        | Killed a titan
  9975 | D        | Killed a pearl dragon
  9975 | D        | Killed a deep elf master archer
  9977 | D        | Killed an Orb Guardian
  9978 | D        | Noticed an Orb Guardian
  9990 | D        | Killed an Orb Guardian
  9995 | D        | Killed a Tzitzimitl
  9995 | D        | Noticed a curse toe
  9997 | D        | Killed a curse toe
 10002 | D        | Killed the Royal Jelly
 10015 | D        | Gained mutation: Your spells are easier to cast, but less
                  | powerful. [hidden defects]
 10015 | D        | Lost mutation: You have hidden genetic defects. [hidden
                  | defects expressed]
 10357 | D        | Noticed Frederick
 10357 | D        | Noticed an Ice Fiend
 10368 | D        | Killed Frederick
 10377 | D        | Killed an Ice Fiend
 10721 | D        | Noticed an Orb Guardian
 10722 | D        | Noticed an Orb Guardian
 10733 | D        | Noticed an Orb Guardian
 10734 | D        | Killed an Orb Guardian
 10740 | D        | Killed an Orb Guardian
 10749 | D        | Killed an Orb Guardian
 10806 | D        | Reached XP level 19. HP: 84/207 MP: 36/36
 10900 | D        | Noticed Katoat the pandemonium lord
 10903 | D        | Killed Katoat the pandemonium lord
 10904 | D        | Reached skill level 27 in Evocations
 10942 | D        | Noticed an electric golem
 10973 | D        | Killed an electric golem
 11097 | D        | Noticed Ereshkigal
 11099 | D        | Noticed a Tzitzimitl
 11099 | D        | Noticed Mennas
 11101 | D        | Noticed a royal mummy
 11101 | D        | Noticed an ancient lich
 11102 | D        | Killed Mennas
 11102 | D        | Killed a royal mummy
 11102 | D        | Killed an ancient lich
 11105 | D        | Noticed a royal mummy
 11107 | D        | Noticed a Brimstone Fiend
 11107 | D        | Noticed a Tzitzimitl
 11114 | D        | Killed Ereshkigal
 11268 | D        | Killed a royal mummy
 11269 | D        | Reached skill level 27 in Dodging
 11269 | D        | Reached skill level 5 in Stealth
 11611 | D        | Noticed an Ice Fiend
 11614 | D        | Killed a Tzitzimitl
 11615 | D        | Reached skill level 5 in Maces & Flails
 11615 | D        | Killed an Ice Fiend
 11620 | D        | Killed from afar by a Brimstone Fiend

Illustrated notes

Levels and vault maps discovered:
D:        pitsprint [storerooms_1, entrance_room_1, metal_vault_6, armoury_1,
          mini_pit_1, grid_room_1, main_hall_1, silver_pit, the_coven_1,
          the_vestibule_1, steel_vault_3, golden_pit, hallway_of_sentries,
          crystal_vault_1, iron_vault_1, final_vault]

Skill      XL: |  1  2  3  4  5  6  7  8  9 10 11 12 13 14 15 16 17 18 19 |
---------------+----------------------------------------------------------+-----
Fighting       | 4 6 7 8 9 10 12 13 15 16 18 22 24 27 | 27.0
Axes           | 3 4 6 7 8 9 10 12 14 15 17 20 23 26 27 | 27.0
Armour         | 4 6 7 8 9 11 12 13 15 17 20 22 27 | 27.0
Shields        | 4 6 7 8 9 11 12 14 15 17 20 23 27 | 27.0
Invocations    | 3 7 8 10 12 14 17 19 21 24 27 | 27.0
Dodging        | 3 16 22 27 | 27.0
Evocations     | 4 19 26 27 | 27.0
Stealth        | 5 |  5.2
Maces & Flails | 9 |  9.8

Action                   |  1- 3 |  4- 6 |  7- 9 | 10-12 | 13-15 | 16-18 | 19-21 || total
-------------------------+-------+-------+-------+-------+-------+-------+-------++-------
Melee: War axe           |    38 |    24 |    58 |       |   188 |   300 |    79 ||   687
       Broad axe         |       |       |    27 |    59 |    36 |       |       ||   122
       Great mace        |       |       |       |       |       |       |     6 ||     6
Invok: Disaster Area     |       |       |     4 |    11 |    15 |    15 |     4 ||    49
       Upheaval          |       |       |       |     2 |     6 |     3 |     3 ||    14
       Elemental Force   |       |       |       |       |       |       |     1 ||     1
  Use: Potion            |     3 |       |     1 |     7 |     5 |    14 |     4 ||    34
       Scroll            |       |       |       |     8 |     2 |     1 |     3 ||    14
 Stab: Distracted        |       |       |       |       |       |       |     1 ||     1
Armor: Scale mail        |    30 |       |       |       |       |       |       ||    30
       Plate armour      |       |    18 |    52 |    77 |   204 |    81 |       ||   432
       Storm dragon scal |       |       |       |       |       |    71 |    56 ||   127
Dodge: Dodged            |    32 |    10 |    17 |    18 |    50 |   103 |    59 ||   289
       Repelled          |       |       |       |     3 |     7 |     8 |     2 ||    20
Block: Buckler           |    24 |    13 |    52 |    72 |   158 |    21 |       ||   340
       Tower shield      |       |       |       |       |       |   389 |   136 ||   525
       Other             |       |       |       |       |       |       |     3 ||     3

Table legend: (Time is in decaauts) A = Elapsed time spent in this place. B = Non-inter-level travel time spent in this place. C = Inter-level travel time spent in this place. D = Time resting spent in this place. E = Time spent auto-exploring this place. F = Levels seen in this place. G = Mean time per level. A B C D E F G +--------+--------+--------+--------+--------+-----+--------+ Total | 11511 | 11297 | 214 | 8141 | 0 | 1 | 11511.0 | Dungeon | 11511 | 11297 | 214 | 8141 | 0 | 1 | 11511.0 | +--------+--------+--------+--------+--------+-----+--------+

Top non-repeatable levels by time:
       D: 11511 daAuts
